 Dungeon Crawl Stone Soup version 0.23.0 (webtiles) character file.

Game seed: 15817163332254822840

99195 Infinimo the Brawler (level 15, -1/187 HPs)
             Began as a Demonspawn Berserker on Feb 10, 2019.
             Was the Champion of Trog.
             Killed by static electricity
             ... invoked by an insubstantial wisp
              (4 damage)
             ... on level 4 of the Swamp.
             The game lasted 00:38:34 (22630 turns).

Infinimo the Brawler (Demonspawn Berserker)        Turns: 22630, Time: 00:38:35

Health: -1/187     AC: 29    Str: 28    XL:     15   Next: 77%
Magic:  15/15      EV:  7    Int: 12    God:    Trog [******]
Gold:   1739       SH: 13    Dex: 13    Spells: 14/14 levels left

rFire    . . .     SeeInvis .     - Unarmed
rCold    . . .     Gourm    .   w - +2 shield
rNeg     . . .     Faith    .   P - +2 plate armour {MR+}
rPois    +         Spirit   .   N - +2 hat {Int+3}
rElec    .         Reflect  .   G - +2 cloak {MR+}
rCorr    .         Harm     .   (no gloves)
MR       +++..                  o - +2 pair of boots {run}
Stlth    ..........             m - amulet of regeneration
HPRegen  0.81/turn              y - ring of poison resistance
MPRegen  0.14/turn              B - +3 ring of slaying

@: berserking, very quick
A: claws 2, molten scales 2, spiny 3, rot immunity
a: Berserk, Trog's Hand, Brothers in Arms, Renounce Religion


You were on level 4 of the Swamp.
You worshipped Trog.
Trog was exalted by your worship.
You were not hungry.

You visited 4 branches of the dungeon, and saw 24 of its levels.
You also visited: Volcano.

You collected 2807 gold pieces.
You spent 1068 gold pieces at shops.

Inventory:

Armour
 o - a +2 pair of boots of running (worn)
 w - a +2 shield (worn)
 E - a +2 large shield
 G - a +2 cloak of magic resistance (worn)
 N - a +2 hat of intelligence (worn)
 P - a +2 plate armour of magic resistance (worn)
Jewellery
 m - an amulet of regeneration (around neck)
 s - an uncursed ring of positive energy
 t - an uncursed ring of see invisible
 y - a ring of poison resistance (left claw)
 B - a +3 ring of slaying (right claw)
 L - an uncursed ring of protection from fire
Wands
 i - a wand of digging (5)
 j - a wand of iceblast (5)
 v - a wand of acid (19)
 J - a wand of clouds (4)
Scrolls
 a - a scroll of blinking
 d - 11 scrolls of remove curse
 f - 8 scrolls of identify
 g - a scroll of fog
 l - 8 scrolls of teleportation
 r - 8 scrolls of enchant weapon
 u - 2 scrolls of enchant armour
 D - 2 scrolls of magic mapping
 F - a scroll of fear
 H - a scroll of summoning
Potions
 b - 2 potions of brilliance
 e - 2 potions of haste
 k - 12 potions of curing
 n - 3 potions of might
 p - 2 potions of mutation
 q - 4 potions of agility
 x - 2 potions of ambrosia
 z - 2 potions of heal wounds
 A - 3 potions of resistance {unknown}
 C - 3 potions of berserk rage
 K - a potion of cancellation
Comestibles
 c - 47 rations


   Skills:
 + Level 13.9 Fighting
   Level 3.0 Long Blades
 + Level 12.7 Armour
 - Level 1.7 Dodging
 + Level 7.1 Shields
 * Level 17.0 Unarmed Combat


You had 14 spell levels left.
You didn't know any spells.
Your spell library was empty.

Dungeon Overview and Level Annotations

Branches:
Dungeon (12/15)            Temple (0/1) D:5            Lair (6/6) D:8
  Swamp (4/4) Lair:3       Spider (0/4) Lair:3        Slime (0/5) Lair:6
    Orc (2/2) D:9             Elf (0/3) Orc:2

Altars:
Elyvilon
Nemelex Xobeh
Okawaru
Vehumet
Xom
Zin
The Shining One

Shops:
D:7 }!!:   D:11 *   Orc:2 ([*:

Annotations:
Lair:2 exclusion: oklob plant


Innate Abilities, Weirdness & Mutations

You have very sharp fingernails.
You are mostly covered in molten scales. (AC +3)
You are completely covered in sharp spines.
You are immune to rotting.


Message History

* * * LOW HITPOINT WARNING * * *
You block the thorn hunter's attack. You block the swamp drake's attack.
Unknown command.
Your shield and plate armour prevent you from hitting the thorn hunter.
You block the bog body's attack.
You mangle the thorn hunter!! You block the thorn hunter's attack.
The insubstantial wisp is struck by your spines.
The swamp drake is struck by your spines.
You claw the thorn hunter!
The briar patch crumbles away.
The bog body casts a spell at you. The bolt of cold hits you!
* * * LOW HITPOINT WARNING * * *
The thorn hunter gestures.
The thorn hunter fires a volley of thorns at you.
The volley of thorns hits you!!
* * * LOW HITPOINT WARNING * * *
You are too berserk!
The insubstantial wisp thrums sharply.
You are struck by an arc of lightning.
You die...

♣♣♣♣♣♣♣♣♣♣ ♣♣♣ ♣
.§P≈.≈..≈♣♣≈≈♣♣♣.♣
≈≈PP≈§..≈.≈≈.§§...
≈≈≈P≈≈≈...§≈≈.≈≈..
≈≈PP≈≈≈v.n≈≈≈≈≈≈≈≈
.vPP≈≈.†@fn≈≈≈≈≈≈≈
♣.PP..♣♣≈k.≈≈≈§≈≈n
≈≈PP.. ♣♣♣≈.♣♣..≈≈
≈≈≈≈.. ♣..♣ ..≈
≈≈≈≈≈ ≈°.♣ ≈≈
≈≈≈≈. ≈≈.. ..§≈
≈n≈≈. k≈≈≈###


You could see a thorn hunter, 2 bog bodies, a swamp drake and 2 insubstantial
wisps.

Vanquished Creatures
  The ghost of suomimenusko the Severer, an adept NaFi of Cheibriados (Swamp:3)
  Gastronok (Lair:2)
  A thorn hunter (Swamp:3)
  An orc warlord (Orc:1)
  A very ugly thing (Swamp:1)
  A vampire knight (D:12)
  Josephine (Lair:5)
  14 hydras
  Harold (D:11)
  3 shambling mangroves
  A catoblepas (Lair:6)
  3 ghost crabs
  5 two-headed ogres
  Erica (D:9)
  4 death yaks
  A deep troll shaman (Lair:6)
  10 alligators
  A dancing weapon (Swamp:3)
  4 orc high priests (Orc:2)
  Nergalle (D:11)
  4 spriggans
  A sun demon (Volcano)
  2 unseen horrors (D:12)
  A spriggan druid (Swamp:3)
  A swamp dragon (Swamp:1)
  A deep elf mage (D:12)
  4 orc knights (Orc:1)
  4 ugly things
  An orb spider (Lair:3)
  4 orc sorcerers
  2 cyclopes
  2 manticores (D:12)
  5 black mambas
  A torpor snail (Lair:6)
  10 elephants
  9 spiny frogs
  2 kobold demonologists (Swamp:2)
  2 rime drakes
  A freezing wraith (D:12)
  A red devil (Volcano)
  A tengu conjurer (D:11)
  5 komodo dragons
  4 trolls
  5 polar bears
  Grinder (D:6)
  5 tyrant leeches
  7 hornets
  7 slime creatures
  27 blink frogs
  Prince Ribbit (D:5)
  5 bog bodies
  6 hippogriffs
  Sigmund (D:3)
  28 yaks
  Eustachio (D:4)
  4 wraiths (Lair:5)
  A basilisk (Lair:6)
  3 wyverns
  4 hogs (D:10)
  A human (D:10)
  2 hungry ghosts (D:12)
  8 vampire mosquitoes
  2 wargs (Orc:1)
  13 swamp worms
  12 insubstantial wisps
  An acid dragon (D:10)
  11 water moccasins
  8 porcupines
  7 sky beasts
  A hornet zombie (D:12)
  7 black bears
  24 orc warriors
  3 phantoms
  2 ice beasts
  4 swamp drakes (Swamp:2)
  9 ogres
  5 necrophages
  5 wolves (Lair:6)
  A centaur (D:10)
  13 crocodiles
  12 bullfrogs
  2 scorpions
  A water moccasin skeleton (D:10)
  11 killer bees
  A vampire bat (D:5)
  3 howler monkeys
  7 crimson imps
  2 bullfrog zombies
  11 jellies
  A quasit (D:9)
  14 orc priests
  3 centaur zombies
  A gnoll shaman (D:4)
  8 hounds
  Crazy Yiuf (D:6)
  3 centaur skeletons
  2 iguanas
  22 orc wizards
  8 worker ants
  A worker ant zombie (D:7)
  8 gnolls
  2 howler monkey skeletons
  10 adders
  A shadow imp (D:7)
  18 oozes
  2 adder zombies
  2 adder skeletons
  6 fire bats
  3 leopard geckos
  89 orcs
  2 spectral bats (D:5)
  16 bats
  3 bat skeletons (D:5)
  A bat zombie (D:5)
  4 giant cockroaches
  8 goblins
  6 hobgoblins
  7 jackals
  5 kobolds
  5 quokkas
  3 ball pythons
  A bat simulacrum (D:5)
  3 frilled lizards
  A jackal zombie (D:3)
  9 rats
  3 briar patches
  A plant (D:8)
702 creatures vanquished.

Vanquished Creatures (others)
  A death yak (Lair:6)
  A komodo dragon (Lair:6)
  2 briar patches
  12 fungi
  4 plants
20 creatures vanquished.

Grand Total: 722 creatures vanquished

Notes
Turn   | Place    | Note
-------+----------+-------------------------------------------
     0 | D:1      | Infinimo the Demonspawn Berserker began the quest for the
                  | Orb.
     0 | D:1      | Reached XP level 1. HP: 18/18 MP: 1/1
   334 | D:1      | Gained mutation: You have sharp fingernails. [demonic
                  | ancestry]
   334 | D:1      | Reached XP level 2. HP: 23/24 MP: 2/2
   539 | D:1      | Reached ** piety under Trog
   822 | D:2      | Reached skill level 1 in Unarmed Combat
   822 | D:2      | Gained mutation: You are immune to rotting. [demonic
                  | ancestry]
   822 | D:2      | Reached XP level 3. HP: 26/29 MP: 3/3
  1041 | D:2      | Found a white marble altar of Elyvilon.
  1495 | D:2      | Found a radiant altar of Vehumet.
  1495 | D:2      | Found a glowing golden altar of the Shining One.
  1998 | D:3      | Reached XP level 4. HP: 35/35 MP: 4/4
  2211 | D:3      | Noticed Sigmund
  2221 | D:3      | Killed Sigmund
  2221 | D:3      | Reached skill level 3 in Unarmed Combat
  2221 | D:3      | Gained mutation: You are partially covered in molten
                  | scales. (AC +2) [demonic ancestry]
  2221 | D:3      | Reached XP level 5. HP: 42/42 MP: 5/5
  2330 | D:3      | Found a sparkling altar of Nemelex Xobeh.
  2576 | D:4      | Gained mutation: You are partially covered in sharp spines.
                  | [demonic ancestry]
  2576 | D:4      | Reached XP level 6. HP: 48/48 MP: 6/6
  2584 | D:4      | Noticed Eustachio
  2686 | D:4      | HP: 3/72 [Eustachio/+0 rapier (4)]
  2690 | D:4      | Killed Eustachio
  2690 | D:4      | Reached skill level 4 in Unarmed Combat
  2858 | D:4      | Reached *** piety under Trog
  2911 | D:4      | Reached XP level 7. HP: 55/55 MP: 7/7
  3261 | D:4      | Reached skill level 5 in Fighting
  3366 | D:5      | Entered Level 5 of the Dungeon
  3404 | D:5      | Reached skill level 5 in Unarmed Combat
  3598 | D:5      | Noticed Prince Ribbit
  3606 | D:5      | Killed Prince Ribbit
  3606 | D:5      | Reached XP level 8. HP: 63/63 MP: 8/8
  3652 | D:5      | Found an iron altar of Okawaru.
  3779 | D:5      | Found a staircase to the Ecumenical Temple.
  3840 | D:5      | Reached skill level 6 in Unarmed Combat
  3909 | D:5      | Reached **** piety under Trog
  4160 | D:6      | Reached skill level 5 in Armour
  4213 | D:6      | Noticed a slime creature
  4244 | D:6      | Killed a slime creature
  4248 | D:6      | Reached skill level 7 in Unarmed Combat
  4409 | D:6      | Gained mutation: You are mostly covered in sharp spines.
                  | [demonic ancestry]
  4409 | D:6      | Reached XP level 9. HP: 63/71 MP: 9/9
  4445 | D:6      | Found a runed translucent door.
  4446 | D:6      | Noticed Crazy Yiuf
  4476 | D:6      | Found Zin's Purification Station.
  4477 | D:6      | Noticed Grinder
  4479 | D:6      | Paralysed by Grinder for 7 turns
  4488 | D:6      | Killed Grinder
  4525 | D:6      | Found a glowing silver altar of Zin.
  4528 | D:6      | Bought a potion of curing for 90 gold pieces
  4646 | D:6      | Reached skill level 8 in Unarmed Combat
  4863 | D:6      | Killed Crazy Yiuf
  4975 | D:7      | Found Xytilate's Distillery.
  4991 | D:7      | Bought 2 potions of heal wounds for 120 gold pieces
  4991 | D:7      | Bought a potion of mutation for 96 gold pieces
  4991 | D:7      | Bought a potion of heal wounds for 60 gold pieces
  5035 | D:7      | Found Geff's Gadget Shop.
  5053 | D:7      | Reached ***** piety under Trog
  5098 | D:7      | Received a gift from Trog
  5215 | D:7      | Found Zian Hoym's Distillery.
  5229 | D:7      | Reached skill level 9 in Unarmed Combat
  5291 | D:7      | Found Lulam's Book Boutique.
  5390 | D:7      | Received a gift from Trog
  5657 | D:8      | Gained mutation: You are mostly covered in molten scales.
                  | (AC +3) [demonic ancestry]
  5657 | D:8      | Reached XP level 10. HP: 77/80 MP: 4/10
  5711 | D:8      | Found a staircase to the Lair.
  5890 | D:8      | You fall through a shaft for 2 floors!
  5890 | D:10     | Entered Level 10 of the Dungeon
  6060 | D:9      | Reached skill level 10 in Unarmed Combat
  6074 | D:9      | Found a staircase to the Orcish Mines.
  6176 | D:9      | Noticed a two-headed ogre
  6194 | D:9      | Killed a two-headed ogre
  6271 | D:9      | Noticed Erica
  6285 | D:9      | Killed Erica
  6400 | D:8      | Reached XP level 11. HP: 88/89 MP: 11/11
  7266 | D:9      | Reached skill level 11 in Unarmed Combat
  7379 | D:9      | Received a gift from Trog
  7616 | D:10     | Noticed a two-headed ogre
  7628 | D:10     | Killed a two-headed ogre
  8511 | D:11     | Noticed Nergalle
  8517 | D:11     | Killed Nergalle
  8644 | D:11     | Found an iron altar of Okawaru.
  8683 | D:11     | Noticed Harold
  8697 | D:11     | Killed Harold
  8697 | D:11     | Reached skill level 10 in Fighting
  8697 | D:11     | Reached skill level 12 in Unarmed Combat
  8871 | D:11     | Noticed a two-headed ogre
  8926 | D:11     | Found Helixom's General Store.
  9472 | D:12     | Noticed an unseen horror
  9473 | D:12     | Found a transporter.
  9576 | D:12     | Noticed a two-headed ogre
  9578 | D:12     | Noticed a deep elf mage
  9578 | D:12     | Noticed a vampire knight
  9591 | D:12     | Noticed a brown ugly thing
  9591 | D:12     | Noticed a white ugly thing
  9618 | D:12     | Received a gift from Trog
  9653 | D:12     | Found a transporter.
  9724 | D:12     | Killed a two-headed ogre
  9724 | D:12     | Reached XP level 12. HP: 98/98 MP: 12/12
  9923 | D:12     | Noticed a two-headed ogre
  9932 | D:12     | Killed a two-headed ogre
 10202 | D:12     | Killed a two-headed ogre
 10242 | D:12     | Reached skill level 13 in Unarmed Combat
 10466 | D:12     | Paralysed by a vampire knight for 4 turns
 10470 | D:12     | Noticed an eight-headed hydra
 10548 | D:12     | Reached skill level 10 in Armour
 10571 | D:12     | Killed a vampire knight
 10641 | D:12     | Got a bloodstained scale mail
 10652 | D:12     | Identified the +5 scale mail of Koiraryng {rPois rN+ Str+2
                  | Int+3} (You found it on level 12 of the Dungeon)
 10818 | Lair:1   | Entered Level 1 of the Lair of Beasts
 10899 | Lair:1   | Noticed an eight-headed hydra
 10915 | Lair:1   | Killed an eight-headed hydra
 11289 | Lair:1   | You fall through a shaft!
 11316 | Lair:2   | Noticed a four-headed hydra
 11329 | Lair:2   | Killed a four-headed hydra
 11425 | Lair:2   | Noticed Gastronok
 11451 | Lair:2   | Killed Gastronok
 11451 | Lair:2   | Gained mutation: You have very sharp fingernails. [demonic
                  | ancestry]
 11451 | Lair:2   | Reached XP level 13. HP: 106/106 MP: 13/13
 11550 | Lair:2   | Reached skill level 14 in Unarmed Combat
 12243 | Lair:3   | Found a staircase to the Swamp.
 12363 | Lair:3   | Found a hole to the Spider Nest.
 14147 | Lair:5   | Reached skill level 1 in Shields
 14157 | Lair:5   | Received a gift from Trog
 14378 | Lair:5   | Noticed Josephine
 14388 | Lair:5   | Killed Josephine
 15122 | Lair:6   | Entered Level 6 of the Lair of Beasts
 15324 | Lair:6   | Reached skill level 15 in Unarmed Combat
 15495 | Lair:6   | Gained mutation: You are completely covered in sharp
                  | spines. [demonic ancestry]
 15495 | Lair:6   | Reached XP level 14. HP: 116/116 MP: 14/14
 15507 | Lair:6   | Found a dark tunnel.
 15516 | Volcano  | Entered a volcano
 15772 | Lair:6   | Found a staircase to the Slime Pits.
 15877 | Lair:6   | Received a gift from Trog
 16710 | Lair:6   | Identified a +1 pair of boots of running (You found it on
                  | level 6 of the Lair of Beasts)
 16955 | Orc:1    | Entered Level 1 of the Orcish Mines
 16988 | Orc:1    | Found a radiant altar of Vehumet.
 17144 | Orc:2    | Entered Level 2 of the Orcish Mines
 17158 | Orc:2    | Noticed an orc warlord
 17166 | Orc:2    | Reached ****** piety under Trog
 17824 | Orc:1    | HP: 6/174 [orc warlord/+0 glaive (30)]
 17949 | Orc:1    | Received a gift from Trog
 18220 | Orc:2    | Reached skill level 5 in Shields
 18534 | Orc:2    | Found a staircase to the Elven Halls.
 18594 | Orc:2    | Paralysed by an orc sorcerer for 7 turns
 18856 | Orc:2    | Found Howk's General Store.
 18857 | Orc:2    | Found Puiraz's Book Shop.
 18858 | Orc:2    | Found Liyc Buo's Antique Armour Boutique.
 18858 | Orc:2    | Found Uxkial's Antique Weapon Boutique.
 18898 | Orc:2    | Bought a shiny plate armour for 702 gold pieces
 19046 | Orc:1    | Killed an orc warlord
 19208 | Swamp:1  | Entered Level 1 of the Swamp
 19227 | Swamp:1  | Reached skill level 16 in Unarmed Combat
 19262 | Swamp:1  | Noticed a purple very ugly thing
 19278 | Swamp:1  | Killed a purple very ugly thing
 19489 | Swamp:1  | Identified the Collected Works on the Harmful Arsonist
 19638 | Swamp:1  | Reached XP level 15. HP: 106/124 MP: 15/15
 20657 | Swamp:2  | Received a gift from Trog
 21456 | Swamp:3  | Found a runed translucent door.
 21456 | Swamp:3  | Found a shimmering altar of Xom.
 21456 | Swamp:3  | Noticed suomimenusko's ghost (adept NaFi)
 21705 | Swamp:3  | Killed suomimenusko's ghost
 22119 | Swamp:3  | Noticed a thorn hunter
 22318 | Swamp:3  | Killed a thorn hunter
 22359 | Swamp:3  | Got a slimy scale mail
 22370 | Swamp:3  | Identified the cursed +1 scale mail "Guniat" {rC+ rN+} (You
                  | found it on level 3 of the Swamp)
 22566 | Swamp:4  | Entered Level 4 of the Swamp
 22570 | Swamp:4  | Noticed a thorn hunter
 22622 | Swamp:4  | Reached skill level 17 in Unarmed Combat
 22629 | Swamp:4  | HP: 2/187 [thorn hunter/volley of thorns (24)]
 22630 | Swamp:4  | Killed from afar by an insubstantial wisp

Skill      XL: |  1  2  3  4  5  6  7  8  9 10 11 12 13 14 15 |
---------------+----------------------------------------------+-----
Long Blades    | 3 |  3.0
Armour         | 2 3 4 5 6 8 9 10 11 12 | 12.7
Unarmed Combat | 1 3 4 5 7 9 10 12 13 15 16 17 | 17.0
Fighting       | 4 5 6 7 9 10 11 12 13 | 13.9
Shields        | 3 5 7 |  7.1
Dodging        | |  1.7

Action                   |  1- 3 |  4- 6 |  7- 9 | 10-12 | 13-15 || total
-------------------------+-------+-------+-------+-------+-------++-------
Melee: Falchion          |   115 |    84 |    24 |       |       ||   223
       Punch             |     1 |       |    14 |    23 |    41 ||    79
       Unarmed           |       |       |   288 |   533 |  1038 ||  1859
Invok: Berserk           |     2 |     4 |     6 |    20 |    26 ||    58
       Trog's Hand       |       |       |       |     1 |       ||     1
  Use: Scroll            |     7 |       |     7 |     1 |    24 ||    39
       Potion            |       |     4 |       |     2 |     3 ||     9
  Eat: Chunk             |     5 |     6 |    12 |    30 |    43 ||    96
       Ration            |       |       |     1 |     3 |     5 ||     9
Armor: Animal skin       |    19 |       |       |       |       ||    19
       Ring mail         |     9 |    71 |   125 |       |       ||   205
       Skin              |       |    68 |       |       |       ||    68
       Plate armour      |       |       |    12 |   228 |   275 ||   515
       Scale mail        |       |       |       |    15 |   319 ||   334
Dodge: Dodged            |    99 |   119 |   150 |   133 |   308 ||   809
Block: Shield            |       |       |       |       |   390 ||   390
       Rpst.: Falchion   |    24 |    30 |     4 |       |       ||    58
